 Dungeon Crawl Stone Soup version 0.30-a0-930-gb9d0489357 (webtiles) character file.

Game seed: 12885556524379618390

34 Dirtsage the Chopper (level 3, -1/29 HPs)
             Began as a Demonspawn Berserker on Mar 23, 2023.
             Was a Follower of Trog.
             Killed by nerve-wracking pain
             ... invoked by Jessica
              (12 damage)
             ... on level 2 of the Dungeon.
             The game lasted 00:01:22 (1093 turns).

Dirtsage the Chopper (Demonspawn Berserker)         Turns: 1093, Time: 00:01:22

Health: -1/29      AC:  5    Str: 19    XL:     3   Next: 14%
Magic:  3/3        EV: 12    Int:  8    God:    Trog [*.....]
Gold:   90         SH:  0    Dex: 18    Spells: 2/2 levels left

rFire   . . .      SeeInvis .    a - +0 hand axe
rCold   . . .      Faith    .    (no shield)
rNeg    . . .      Spirit   .    b - +0 animal skin
rPois   .          Reflect  .    (no helmet)
rElec   .          Rampage  .    (no cloak)
rCorr   .                        j - +0 pair of gloves
Will    .....                    (no boots)
Stlth   ++                       (no amulet)
HPRegen 0.24/turn                c - +6 ring of dexterity
MPRegen 0.08/turn                (no ring)

@: slowed, very slow
A: molten scales 1
a: Renounce Religion, Berserk


You were on level 2 of the Dungeon.
You worshipped Trog.
Trog was aware of your devotion.
You visited 1 branch of the dungeon, and saw 2 of its levels.

You collected 90 gold pieces.

Inventory:

Hand Weapons
 a - a +0 hand axe (weapon)
Armour
 b - a +0 animal skin (worn)
 j - a +0 pair of gloves (worn)
Jewellery
 c - a +6 ring of dexterity (left hand)
Scrolls
 d - a scroll of vulnerability {unknown}
 e - 4 scrolls of teleportation {unknown}
 g - 3 scrolls of amnesia {unknown}
 h - 2 scrolls of identify {unknown}
Potions
 f - a potion of curing {unknown}
 i - a potion of mutation {unknown}
 k - a potion of haste {unknown}


   Skills:
 - Level 3.0 Fighting
 + Level 3.9 Axes
 - Level 1.7 Armour
 - Level 1.7 Dodging


You had 2 spell levels left.
You didn't know any spells.
Your spell library was empty.

Dungeon Overview and Level Annotations

Branches:
Dungeon (2/15)

Altars:

Annotations:
D:2 Jessica


Innate Abilities, Weirdness & Mutations

You are partially covered in molten scales. (AC +2)


Message History

You slash Jessica!
Jessica is severely wounded.
Jessica hits you with a +0 club.
Jessica gestures wildly while chanting.
Jessica blinks!
You take 2 damage, and have 27/29 hp.
Jessica gestures wildly while chanting.
Jessica blinks!
No target in view!
No target in view!
Jessica is nearby!
Jessica gestures at you while chanting.
You barely resist.
Jessica points at you and mumbles some strange words.
Pain shoots through your body!
You take 10 damage, and have 18/29 hp.
MASSIVE DAMAGE!!
You are too injured to fight recklessly!
You are too injured to fight recklessly!
Jessica casts a spell at you.
You barely resist.
Jessica gestures wildly while chanting.
Jessica blinks!
Jessica casts a spell at you. Pain shoots through your body!
You take 7 damage, and have 12/29 hp.
MASSIVE DAMAGE!!
Jessica casts a spell.
Jessica seems to speed up.
Jessica gestures wildly while chanting.
Jessica blinks!
Jessica points at you and mumbles some strange words.
You barely resist.
Jessica drinks a potion.
Jessica is healed!
Jessica misses you.
Jessica points at you and mumbles some strange words.
You feel yourself slow down.
You hit Jessica.
Jessica is lightly wounded.
Jessica hits you with a +0 club.
Jessica points at you and mumbles some strange words.
Pain shoots through your body!
You die...

.# #.......# ..#
##.....##
#...###...########
..................
#...###.#########
##............_
####.#.######. #
####...########.#
...............@@.#
###################


You could see Jessica (fast).

Vanquished Creatures
  An adder (D:2)
  2 ball pythons (D:1)
  A bat (D:1)
  4 endoplasms
  A giant cockroach (D:1)
  A goblin (D:1)
  4 hobgoblins (D:1)
  2 quokkas
  A frilled lizard (D:1)
  2 kobolds
  2 rats
21 creatures vanquished.

Notes
Turn   | Place    | Note
-------+----------+-------------------------------------------
     0 | D:1      | Dirtsage the Demonspawn Berserker began the quest for the
                  | Orb.
     0 | D:1      | Reached XP level 1. HP: 18/18 MP: 1/1
   221 | D:1      | Gained mutation: You are partially covered in molten
                  | scales. (AC +2) [demonic ancestry]
   221 | D:1      | Reached XP level 2. HP: 24/24 MP: 2/2
   821 | D:2      | Reached XP level 3. HP: 23/29 MP: 3/3
  1072 | D:2      | Found a faded altar of an unknown god.
  1075 | D:2      | Noticed Jessica
  1093 | D:2      | Killed from afar by Jessica

Illustrated notes

Levels and vault maps discovered:
D:1:      dpeg_arrival_rooms_c, layout_loops_ring, minmay_quantized
D:2:      layout_rooms, basic_ecumenical_altar, basic_altar, uniq_jessica

Skill      XL: |  1 |
---------------+----+-----
Axes           | 3 |  3.9
Fighting       | |  3.0
Armour         | |  1.7
Dodging        | |  1.7

Action                     || total
---------------------------++-------
  Melee: Hand axe          ||    60
         Punch             ||     2
   Stab: Sleeping          ||     4
 Armour: Animal skin       ||    15
  Dodge: Dodged            ||    30

Table legend: (Time is in decaauts)
 A = Elapsed time spent in this place.
 B = Non-inter-level travel time spent in this place.
 C = Inter-level travel time spent in this place.
 D = Time resting spent in this place.
 E = Time spent auto-exploring this place.
 F = Levels seen in this place.
 G = Mean time per level.
                   A        B        C        D        E       F      G
               +--------+--------+--------+--------+--------+-----+--------+
         Total |   1099 |   1063 |     36 |     50 |    856 |   2 |  549.5 |
       Dungeon |   1099 |   1063 |     36 |     50 |    856 |   2 |  549.5 |
               +--------+--------+--------+--------+--------+-----+--------+

Top non-repeatable levels by time:
     D:1: 819 daAuts
     D:2: 280 daAuts
